 Dungeon Crawl Stone Soup version 0.30-a0-986-g7f2e898f52 (webtiles) character file.

Game seed: 7306956875553667372

35 DeathPants the Grave Robber (level 3, 0/27 HPs)
             Began as a Vine Stalker Necromancer on Apr 1, 2023.
             Succumbed to Robin's poison
             ... on level 1 of the Dungeon.
             The game lasted 00:04:03 (1239 turns).

DeathPants the Grave Robber (VSNe)                  Turns: 1239, Time: 00:04:04

Health: 0/27       AC: 21    Str: 12    XL:     3   Next: 35%
Magic:  8/17       EV:  2    Int: 15    God:
Gold:   15         SH:  0    Dex: 14    Spells: 6/7 levels left

rFire   . . .      SeeInvis .    h - +0 short sword
rCold   . . .      Faith    .    (no shield)
rNeg    . . .      Spirit   +    l - melded +0 leather armour
rPois   +          Reflect  .    (helmet currently unavailable)
rElec   .          Rampage  .    (cloak currently unavailable)
rCorr   .          NoTele   +    (gloves currently unavailable)
Will    .....                    (boots currently unavailable)
Stlth   ++                       (no amulet)
HPRegen 0.24/turn                d - ring of magical power
MPRegen 0.15/turn                (no ring)

@: lethally poisoned (0 -> -15), tree-form
A: stationary, stasis, torment immunity, boosted hp, (fangs 2), magic shield,
(antimagic bite), no potion heal 2
a: no special abilities


You were on level 1 of the Dungeon.
You were a tree.
You visited 1 branch of the dungeon, and saw 2 of its levels.

You collected 15 gold pieces.

Inventory:

Hand Weapons
 h - a +0 short sword (weapon)
Missiles
 e - 4 javelins
Armour
 l - a +0 leather armour (melded)
Jewellery
 d - a ring of magical power (left branch)
Scrolls
 f - a scroll of blinking {unknown}
 g - a scroll of fog {unknown}
 i - a scroll of poison {unknown}
 j - 2 scrolls of immolation {unknown}
 k - 2 scrolls of teleportation {unknown}
 m - a scroll of vulnerability {unknown}
Potions
 a - a potion of heal wounds {unknown}
 b - a potion of magic
 c - 2 potions of lignification


   Skills:
 + Level 1.2 Fighting
 + Level 1.6 Dodging
 - Level 2.4 Stealth
 + Level 2.8 Spellcasting
 + Level 4.3 Necromancy


You had 6 spell levels left.
You knew the following spells:

 Your Spells              Type           Power      Damage    Failure   Level
a - Necrotise             Necr           60%        1d7       3%          1

Your spell library contained the following spells:

 Spells                   Type           Power      Damage    Failure   Level
 Vampiric Draining        Necr           15%        2d7       11%         3
 Static Discharge         Conj/Air       4%         2-3/arc   30%         2
 Animate Dead             Necr           15%        N/A       34%         4
 Vhi's Electric Charge    Tloc/Air       4%         N/A       52%         3
 Agony                    Necr           15%        N/A       67%         5
 Arcjolt                  Conj/Air       1%         1d11      99%         5
 Plasma Beam              Fire/Air       1%         2x1d8     99%         5


Dungeon Overview and Level Annotations

Branches:
Dungeon (2/15)

Altars:

Annotations:
D:1 Robin


Innate Abilities, Weirdness & Mutations

You are a tree.
Your roots penetrate the ground, keeping you stationary.
You cannot be teleported.
You are immune to unholy pain and torment.
Your maximum health is greatly increased.
Your equipment is partially melded.
((You have extremely sharp teeth.))
When hurt, damage is shared between your health and your magic reserves.
((Your bite disrupts and absorbs the magic of your enemies.))
Potions cannot restore your health.


Message History

Aiming: Necrotise (safe; 4% risk of failure)
Press: ? - help, Q - select action, (/) - cycle Shift-Dir - straight line, f - goblin
Aim: a goblin, wielding a +0 club (heavily wounded, strong, ally target, chance to affect: 85%)
The goblin writhes in agony.
The goblin no longer looks unusually strong.
Your goblin skeleton hits Robin but does no damage.
The goblin no longer looks unusually strong.
The goblin hits you with a +0 club. Robin misses you.
You climb upwards.
There is a stone staircase leading down here.
The goblin attacks as you move away! The goblin misses you.
The goblin no longer looks unusually strong.
The goblin attacks as you move away! The goblin barely misses you.
Aiming: Necrotise (safe; 4% risk of failure)
Press: ? - help, Q - select action, (/) - cycle Shift-Dir - straight line, f - goblin
Aim: a goblin, wielding a +0 club (heavily wounded, chance to affect: 85%)
The goblin barely resists.
The goblin closely misses you. Robin throws the goblin at you!
Aiming: Necrotise (safe; 4% risk of failure)
Press: ? - help, Q - select action, (/) - cycle Shift-Dir - straight line, f/p - goblin
Aim: a goblin, wielding a +0 club (heavily wounded, chance to affect: 85%)
The goblin writhes in agony.
You kill the goblin!
The dead are walking!
You see here a +0 club.
Robin attacks as you move away!
Robin hits you with a +2 dagger of venom.
You are poisoned.
You feel very sick. Robin attacks as you move away!
Robin hits you with a +2 dagger of venom.
You are lethally poisoned!
You feel very sick.
Your goblin skeleton hits Robin but does no damage.
* * * LOW HITPOINT WARNING * * *
You feel very sick.
Your goblin skeleton hits Robin.
It was a potion of lignification.
You turn into a tree.
Your +0 leather armour melds into your body.
Your roots penetrate the ground.
You die...

########### #.........#
#.#######.# ##)## #.#######
###########
###...######.......####..........
............######.#...(.....####
###...#####.######Z#.##>##...)>..
##.## #.#...♣g.)....##.#.####
#.#### #.#.####...#####.#.#
#....###.#.# ###.# #.#.#
###....#.#.######.# #.#.#
#..#............# ##.#.#
#..#####.#####..# #....#
######.[# ##.## #..# #..###
#...[...####...####..# #..#
#.#####.##...........# #..#


You could see Robin (ally target) and a friendly goblin skeleton.

Vanquished Creatures
  A worm (D:2)
  A dart slug (D:1)
  2 bats (D:1)
  An endoplasm (D:1)
  2 giant cockroaches (D:1)
  7 goblins
  A hobgoblin (D:2)
  5 ball pythons
  4 frilled lizards (D:1)
  3 kobolds (D:1)
  3 rats (D:1)
30 creatures vanquished.

Notes
Turn   | Place    | Note
-------+----------+-------------------------------------------
     0 | D:1      | DeathPants the Vine Stalker Necromancer began the quest for
                  | the Orb.
     0 | D:1      | Reached XP level 1. HP: 9/9 MP: 4/4
   214 | D:1      | Reached XP level 2. HP: 14/14 MP: 6/6
   521 | D:1      | Reached skill level 1 in Fighting
   933 | D:1      | Reached XP level 3. HP: 15/18 MP: 8/8
  1206 | D:2      | Noticed Robin
  1239 | D:1      | Succumbed to Robin's poison

Illustrated notes

Levels and vault maps discovered:
D:1:      matt_arrival_los_fun, layout_loops_ring
D:2:      layout_loops_ring, serial_rivers, chequers_serial_rivers_micro_b,
          chequers_serial_rivers_micro_e, chequers_serial_rivers_micro_d,
          chequers_serial_rivers_small_b, ebering_ecumenical_altar_rust,
          minmay_misc_feat_x, uniq_robin

Skill      XL: |  1  2 |
---------------+-------+-----
Fighting       | 1 |  1.2
Dodging        | |  1.6
Stealth        | |  2.4
Spellcasting   | |  2.8
Necromancy     | |  4.3

Action                     || total
---------------------------++-------
  Melee: Spear             ||     9
         Bite              ||    21
         Short sword       ||    62
         Punch             ||     3
   Cast: Necrotise         ||    13
    Use: Potion            ||     1
   Stab: Sleeping          ||     2
 Armour: Robe              ||     8
         Leather armour    ||     2
  Dodge: Dodged            ||    61

Table legend: (Time is in decaauts)
 A = Elapsed time spent in this place.
 B = Non-inter-level travel time spent in this place.
 C = Inter-level travel time spent in this place.
 D = Time resting spent in this place.
 E = Time spent auto-exploring this place.
 F = Levels seen in this place.
 G = Mean time per level.
                   A        B        C        D        E       F      G
               +--------+--------+--------+--------+--------+-----+--------+
         Total |   1240 |   1193 |     47 |      0 |    856 |   2 |  620.0 |
       Dungeon |   1240 |   1193 |     47 |      0 |    856 |   2 |  620.0 |
               +--------+--------+--------+--------+--------+-----+--------+

Top non-repeatable levels by time:
     D:1: 1097 daAuts
     D:2: 142 daAuts
